 Dungeon Crawl Stone Soup version 0.32-a0-12-g7fc57aa741 (console) character file.

Game seed: 4253303167587725115

41541 petzl the Thaumaturge (level 14, -3/108 HPs)
             Began as a Formicid Delver on Jan 15, 2024.
             Was a High Priest of Vehumet.
             Slain by a death yak (15 damage)
             ... on level 5 of the Lair of Beasts.
             The game lasted 01:40:01 (19018 turns).

petzl the Thaumaturge (Formicid Delver)            Turns: 19018, Time: 01:40:01

Health: -3/108     AC: 15    Str: 19    XL:     14   Next: 50%
Magic:  14/29      EV: 29    Int: 16    God:    Vehumet [*****.]
Gold:   353        SH:  6    Dex: 15    Spells: 8/35 levels left

rFire   . . .        a - +6 war axe {flame, Stlth+, !f =f}
rCold   . . .        L - +0 buckler
rNeg    . . .        H - +0 steam dragon scales
rPois   .            (helmet unavailable)
rElec   .            (no cloak)
rCorr   .            O - +2 pair of gloves {Str+3}
SInv    +            (no boots)
Will    +....        w - amulet of the acrobat
Stlth   +++++        v - +4 ring of protection
HPRegen 0.38/turn    D - ring of wizardry
MPRegen 0.21/turn

%: acrobat, wizardry (x1)
@: acrobatic
A: permanent stasis, dig shafts and tunnels, antennae 3, four strong arms,
iridescent scales 1, screaming 1
a: Dig, Shaft Self, Renounce Religion


You were on level 5 of the Lair of Beasts.
You worshipped Vehumet.
Vehumet was extremely pleased with you.
You visited 2 branches of the dungeon, and saw 17 of its levels.

You collected 1950 gold pieces.
You spent 1597 gold pieces at shops.

Inventory:

Hand Weapons
 a - the +6 war axe of Nauwabya (weapon) {flame, Stlth+, !f =f}
   (You found it on level 10 of the Dungeon)

   Stlth+:    It makes you more stealthy.
 b - a +1 shortbow of flaming
 j - the +4 whip "Tormentor" {freeze, rCorr MP+9}
   (You found it on level 9 of the Dungeon)

   MP+9:      It affects your magic capacity (+9).
   rCorr:     It protects you from acid and corrosion.
 l - a +2 war axe of holy wrath {!f =f}
 q - a +0 dagger of holy wrath {!f =f}
 r - a +5 dagger {!f =f}
 F - a +3 dagger of freezing {!f =f}
 I - a +1 trident of venom
 J - a +0 flail of protection
Missiles
 h - 34 poisoned darts (quivered)
 B - 4 throwing nets
Armour
 x - the +5 ring mail of Quantum Leap {Rampage rN+ Will-}
   (You found it on level 2 of the Dungeon)

   rN+:       It protects you from negative energy.
   Will-:     It decreases your willpower.
   Rampage:   It bestows one free step when moving towards enemies.
 H - +0 steam dragon scales (worn)
 L - a +0 buckler (worn)
 O - a +2 pair of gloves of strength (worn)
Jewellery
 d - a ring of flight
 g - an amulet of reflection
 n - a ring of poison resistance
 u - a ring of resist corrosion
 v - a +4 ring of protection (left hand)
 w - an amulet of the acrobat (around neck)
 D - a ring of wizardry (right hand)
 V - a ring of ice
 X - an amulet of faith
 Y - a ring of protection from cold
Wands
 e - a wand of mindburst (15)
 f - a wand of digging (3)
 i - a wand of roots (27)
 E - a wand of flame (38)
 U - a wand of light (5)
 W - a wand of charming (8)
Scrolls
 y - a scroll of immolation
 C - a scroll of torment
 G - a scroll of identify
 M - 3 scrolls of poison
 N - a scroll of revelation
 P - a scroll of enchant weapon
 Q - 2 scrolls of fog
 R - a scroll of vulnerability
Potions
 c - a potion of cancellation
 k - 5 potions of mutation
 m - 2 potions of might
 o - 2 potions of curing
 p - 10 potions of ambrosia
 s - 4 potions of brilliance
 t - a potion of resistance
 z - 2 potions of lignification
 A - 2 potions of heal wounds
 K - 2 potions of invisibility
 S - a potion of enlightenment
 T - a potion of magic


   Skills:
 + Level 9.2 Fighting
 - Level 2.3(3.0) Axes
 - Level 2.5(3.1) Maces & Flails
 - Level 3.8 Ranged Weapons
 - Level 6.0 Armour
 - Level 6.0 Dodging
 - Level 8.0 Stealth
 + Level 7.5 Shields
 * Level 11.3 Spellcasting
 * Level 9.3 Conjurations
 * Level 6.5 Translocations
 - Level 4.0 Fire Magic
 - Level 5.0 Ice Magic
 - Level 4.0 Air Magic
 - Level 8.0 Alchemy
 - Level 2.0 Evocations


You had 8 spell levels left.
You knew the following spells:

 Your Spells              Type           Power      Damage    Failure   Level
a - Stone Arrow           Conj/Erth      48%        3d10      1%          3
b - Freeze                Ice            100%       1d10      1%          1
l - Freezing Cloud        Conj/Ice/Air   14%        6-21      2%          5
o - Orb of Destruction    Conj           19%        9d8       16%         7
p - Passage of Golubria   Tloc           29%        N/A       2%          4
s - Sticky Flame          Fire/Alch      28%        2d7       1%          4
A - Ozocubu's Armour      Ice            25%        N/A       1%          3

Your spell library contained the following spells:

 Spells                   Type           Power      Damage    Failure   Level
 Bombard                  Conj/Erth      12%        9d3       21%         6
 Cigotuvi's Dreadful Rot  Necr/Alch/Air  42%        N/A       1%          2
 Lesser Beckoning         Tloc           58%        N/A       1%          2
 Momentum Strike          Conj/Tloc      68%        3d9       1%          2
 Scorch                   Fire           42%        2d6       1%          2
 Static Discharge         Conj/Air       60%        3-6/arc   1%          2
 Gell's Gravitas          Tloc           29%        N/A       1%          3
 Teleport Other           Tloc           29%        N/A       1%          3
 Brom's Barrelling Bould  Conj/Erth      24%        2d5       1%          4
 Flame Wave               Conj/Fire      30%        2d9       1%          4
 Ignite Poison            Fire/Alch      28%        N/A       1%          4
 Fireball                 Conj/Fire      15%        3d8       1%          5
 Irradiate                Conj/Alch      18%        3d17      1%          5
 Iskenderun's Battlesphe  Conj           39%        2d9       1%          5
 Airstrike                Air            10%        2d(2-18)  2%          4
 Slow                     Hex            36%        N/A       4%          1
 Yara's Violent Unravell  Hex/Alch       10%        3d6       5%          5
 Call Imp                 Summ           18%        N/A       6%          2
 Sublimation of Blood     Necr           9%         N/A       6%          2
 Petrify                  Alch/Erth      21%        N/A       8%          4
 Conjure Ball Lightning   Conj/Air       15%        3x3d6     10%         6
 Confusing Touch          Hex            9%         N/A       12%         3
 Sigil of Binding         Hex            9%         N/A       12%         3
 Tukima's Dance           Hex            9%         N/A       12%         3
 Vampiric Draining        Necr           9%         2d6       12%         3
 Summon Lightning Spire   Summ/Air       15%        N/A       16%         4
 Metabolic Englaciation   Hex/Ice        8%         N/A       34%         5
 Dispersal                Tloc           14%        N/A       36%         6
 Sculpt Simulacrum        Ice/Alch       14%        N/A       36%         6
 Summon Cactus Giant      Summ           4%         N/A       99%         6
 Ignition                 Fire           10%        3d5       99%         8
 Summon Hydra             Summ           4%         N/A       100%        7
 Chain Lightning          Conj/Air       15%        3d20      99%         9
 Fire Storm               Conj/Fire      15%        8d4       99%         9
 Shatter                  Erth           4%         3d8*      99%         9
 Blink                    Tloc           Unusable   N/A       N/A         2

Dungeon Overview and Level Annotations

Branches:
Dungeon (12/15)            Temple (0/1) D:6            Lair (5/5) D:10
 Shoals (0/4) Lair:3        Snake (0/4) Lair:2        Slime (0/5) Lair:5
    Orc: D:9-12

Altars:
Ashenzari
Cheibriados
Elyvilon
Fedhas
Hepliaklqana
Kikubaaqudgha
Makhleb
Qazlal
Sif Muna
Trog
Uskayaw
Vehumet
Xom
Yredelemnul
Zin

Shops:
D:2 (   D:6 *==:?

Annotations:
D:9 exclusion: downstairs
Lair:3 exclusion: 2 downstairs
Lair:4 exclusion: 2 downstairs
Lair:5 1 runed translucent door


Innate Abilities, Weirdness & Mutations

You cannot be hasted, slowed, berserked, paralysed or teleported.
You can dig through walls and to a lower floor.
You have a pair of large antennae on your head. (SInv)
Your four strong arms can wield two-handed weapons with a shield.
You are partially covered in iridescent scales. (AC +2)
You occasionally shout uncontrollably at your foes.


Message History

The death yak is engulfed in freezing vapours. x2
The death yak gores you but does no damage.
You block the death yak's attack.
Okay, then.
Casting: Freezing Cloud (dangerous; 2% risk of failure)
Confirm with . or Enter, or press ? or * to list all spells.
Aiming: Passage of Golubria (mildly dangerous; 2% risk of failure)
Press: ? - help, Dir - move target, p - death yak The death yak burns!
The polar bear is engulfed in freezing vapours.
The death yak is engulfed in freezing vapours. x3
The death yak gores you!
The death yak is engulfed in freezing vapours.
The death yak gores you but does no damage.
The death yak is engulfed in freezing vapours. x3
You kill the death yak!
Vehumet accepts your kill.
You feel your power returning.
The yak is engulfed in freezing vapours.
The death yak gores you!
* * * LOW HITPOINT WARNING * * *
Your icy armour will break if you move.
Continue?
Okay, then.
Unknown command.
Your icy armour will break if you move.
Continue?
Your icy armour cracks and falls away as you move.
The death yak burns!
The polar bear is engulfed in freezing vapours.
A yak comes into view.
The yak is engulfed in freezing vapours.
The death yak is engulfed in freezing vapours. x2
The death yak attacks as it pursues you!
The death yak gores you!
* * * LOW HITPOINT WARNING * * *
The death yak is engulfed in freezing vapours. x2
The yak is engulfed in freezing vapours.
The death yak shakes off the sticky flame as it moves.
The death yak attacks as it pursues you!
The death yak gores you!
You die...

#.... ..... ♣♣ #... {.♣ #####
###### #..###.♣,. .##.####.#..##
#......#..
......###...P####.......P.
......###......##.......PP
..........................
...............÷.÷........
......[...................
.................................
......<.......................$..
.....÷.........^...#####[..Y.....
...................#.>.#{?..Y....
...................#...#{........
....♣..............#JJ.#.........
......♣...........^##+##YY.......
.#.................@Y○YY○Y†......
#.♣.♣~~....###.....YY°YYY........
.P..~~~......##.#.##.☼Yh°○.......
...♣♣~~.P..############Y☼§§......
..♣.~~♣~♣..# #.{§°☼......
..~♣~~~~.#### ##..§.......
..~~~~♣...#.## #..........
...~~...♣#...## #....†.....
PP..P..♣#♣....# #..........
.............P## ..........
....P..†#.#....# #.............
P..♣.##...#..### ...........##
....♣........# #...........#
#........#..## ##............
##......##### ##.#..........$
#.###### #............P# ###
#.......P..... #..Y..<.^.....
#.Y.Y.........


You could see 2 azure jellies, 7 death yaks, a polar bear (berserk) and 6 yaks.

Vanquished Creatures
  A dire elephant (Lair:4)
  Harold (Lair:1)
  2 hydras
  A catoblepas (Lair:5)
  2 boulder beetles
  3 two-headed ogres
  3 death yaks (Lair:5)
  Urug (D:10)
  2 skysharks (Lair:4)
  A cyclops (D:11)
  A water nymph (Lair:3)
  19 elephants
  4 black mambas
  6 cane toads
  6 komodo dragons
  A rime drake (Lair:3)
  A queen bee (D:10)
  A troll (D:10)
  2 polar bears
  9 dream sheep
  16 blink frogs
  A shadow (D:8)
  A spriggan (Lair:4)
  A wraith (D:11)
  2 wyverns
  4 basilisks
  A steam dragon (D:7)
  36 yaks
  A naga (Lair:2)
  17 water moccasins
  A sky beast (D:8)
  An acid dragon (D:8)
  5 orc warriors
  2 black bears
  14 wolves
  2 kobold brigands
  14 bullfrogs
  A scorpion (D:4)
  A gnoll sergeant (D:8)
  8 wights
  30 killer bees
  4 electric eels
  4 howler monkeys
  A bombardier beetle (D:4)
  5 hounds
  3 jellies
  3 orc priests
  A gnoll bouda (Lair:2)
  2 sleepcaps
  3 iguanas
  12 orc wizards
  4 hell rats
  10 gnolls
  14 adders
  2 white imps
  A ribbon worm (D:2)
  2 dart slugs
  31 orcs
  7 bats
  10 endoplasms
  4 giant cockroaches
  4 goblins
  9 hobgoblins
  18 kobolds
  7 quokkas
  8 ball pythons
  4 frilled lizards
  6 rats
405 creatures vanquished.

Vanquished Creatures (collateral kills)
  A yak (D:10)
1 creature vanquished.

Vanquished Creatures (others)
  A troll (D:10)
  2 yaks (D:10)
3 creatures vanquished.

Grand Total: 409 creatures vanquished

Notes
Turn   | Place    | Note
-------+----------+-------------------------------------------
     0 | D:5      | petzl the Formicid Delver began the quest for the Orb.
     0 | D:5      | Reached XP level 1. HP: 18/18 MP: 1/1
    28 | D:6      | Found a basalt altar of Yredelemnul.
    85 | D:7      | Noticed a steam dragon
   113 | D:7      | Noticed an orc warrior
   113 | D:7      | Noticed an orc priest
   151 | D:6      | Noticed a wight
   152 | D:6      | Noticed a wight
   211 | D:5      | Noticed a hound
   335 | D:5      | Reached skill level 1 in Spellcasting
   344 | D:5      | Noticed a jelly
   384 | D:5      | Noticed a bullfrog
   421 | D:5      | Reached skill level 2 in Spellcasting
   421 | D:5      | Reached XP level 2. HP: 12/24 MP: 3/5
   432 | D:5      | You fall into a shaft and drop 1 floor!
   513 | D:6      | Found Itsoff's Jewellery Shop.
   528 | D:6      | Found a white marble altar of Elyvilon.
   536 | D:6      | Found Umuut's Jewellery Shop.
   562 | D:6      | Found Lobosch's Assorted Antiques.
   667 | D:4      | Found a broken altar of Ashenzari.
   690 | D:4      | Reached XP level 3. HP: 27/29 MP: 6/6
   951 | D:3      | Found a radiant altar of Vehumet.
   995 | D:3      | Reached XP level 4. HP: 25/35 MP: 6/8
  1094 | D:3      | Reached skill level 1 in Ranged Weapons
  1408 | D:1      | Reached XP level 5. HP: 36/41 MP: 9/9
  1450 | D:1      | Learned a level 4 spell: Flame Wave
  1650 | D:1      | Reached skill level 3 in Spellcasting
  1863 | D:1      | Found a faded altar of an unknown god.
  1872 | D:1      | Got Plato's Catalogue of Obstruction
  2647 | D:2      | Identified the +5 ring mail of Quantum Leap {Rampage rN+
                  | Will-}
  2651 | D:2      | Found Posugiacybb's Antique Weapon Shoppe.
  2659 | D:2      | Bought a shortbow for 90 gold pieces
  3147 | D:3      | Found a shimmering altar of Xom.
  3259 | D:3      | Became a worshipper of Vehumet
  3281 | D:3      | Reached XP level 6. HP: 48/48 MP: 10/10
  3801 | D:3      | Found a glowing silver altar of Zin.
  3801 | D:3      | Found a burning altar of Makhleb.
  3802 | D:3      | Noticed a balrug
  3802 | D:3      | Noticed an angel
  3913 | D:4      | Found a shimmering blue altar of Sif Muna.
  3953 | D:4      | Reached skill level 1 in Conjurations
  3953 | D:4      | Reached skill level 1 in Evocations
  4044 | D:4      | Reached skill level 1 in Fire Magic
  4613 | D:4      | Reached XP level 7. HP: 51/54 MP: 12/12
  4679 | D:4      | Identified a scroll of acquirement
  5075 | D:5      | Reached * piety under Vehumet
  5075 | D:5      | Offered knowledge of Freeze by Vehumet.
  5078 | D:5      | Learned a level 1 spell: Freeze
  5714 | D:5      | Found a snail-covered altar of Cheibriados.
  5722 | D:5      | Reached XP level 8. HP: 61/61 MP: 13/13
  5904 | D:6      | Bought a scroll of identify for 48 gold pieces
  5904 | D:6      | Bought a viscous orange potion for 21 gold pieces
  5904 | D:6      | Bought a brown potion for 21 gold pieces
  5904 | D:6      | Bought a scroll labelled NOTOECZARER for 24 gold pieces
  5904 | D:6      | Bought a fizzy green potion for 21 gold pieces
  5938 | D:6      | Found a bloodstained altar of Trog.
  5939 | D:6      | Found Yshillov's Book Shop.
  5965 | D:6      | You fall into a shaft and drop 2 floors!
  6061 | D:8      | HP: 2/60 [orc warrior/+0 dire flail (11)]
  6062 | D:8      | You fall into a shaft and drop 2 floors!
  6062 | D:10     | Entered Level 10 of the Dungeon
  6266 | D:10     | Identified the +6 war axe of Nauwabya {flame, Stlth+}
  6278 | D:11     | Noticed a komodo dragon
  6293 | D:11     | Noticed a cyclops
  6293 | D:11     | Noticed a wraith
  6312 | D:10     | Learned a level 5 spell: Freezing Cloud
  6330 | D:10     | Gained mutation: You occasionally shout uncontrollably at
                  | your foes. [potion of mutation]
  6330 | D:10     | Gained mutation: You are partially covered in iridescent
                  | scales. (AC +2) [potion of mutation]
  6372 | D:10     | Noticed a yak
  6372 | D:10     | Noticed a yak
  6407 | D:10     | Noticed a yak
  6407 | D:10     | Noticed a yak
  6407 | D:10     | Noticed a yak
  6407 | D:10     | Noticed a yak
  6426 | D:10     | Killed a yak
  6456 | D:10     | Killed a yak
  6457 | D:10     | Reached skill level 1 in Axes
  6457 | D:10     | Reached skill level 1 in Ice Magic
  6476 | D:10     | Noticed a troll
  6513 | D:10     | Noticed a two-headed ogre
  6598 | D:9      | Found an ancient bone altar of Kikubaaqudgha.
  6629 | D:9      | Noticed a yak
  6629 | D:9      | Noticed a yak
  6631 | D:9      | Noticed a yak
  6632 | D:9      | Noticed a yak
  6632 | D:9      | Noticed a yak
  6642 | D:9      | Noticed a yak
  6716 | D:8      | Reached skill level 4 in Spellcasting
  6937 | D:8      | Learned a level 4 spell: Sticky Flame
  7006 | D:10     | Noticed Urug
  7006 | D:10     | Noticed a yak
  7006 | D:10     | Noticed a yak
  7006 | D:10     | Noticed a yak
  7006 | D:10     | Noticed a yak
  7012 | D:9      | Noticed a two-headed ogre
  7023 | D:9      | Found a transporter.
  7023 | D:9      | Found a transporter.
  7027 | D:9      | Found a transporter.
  7027 | D:9      | Found a transporter.
  7079 | D:7      | Reached skill level 1 in Alchemy
  7167 | D:7      | Reached XP level 9. HP: 17/66 MP: 15/15
  7550 | D:6      | Acquired 981 gold pieces
  7566 | D:6      | Found a staircase to the Ecumenical Temple.
  7618 | D:6      | Found Yklo's Magic Scroll Boutique.
  7626 | D:6      | Bought a scroll of identify for 28 gold pieces
  7626 | D:6      | Bought a scroll of identify for 28 gold pieces
  7626 | D:6      | Bought a scroll of identify for 28 gold pieces
  7626 | D:6      | Bought a scroll of identify for 28 gold pieces
  7667 | D:6      | Found a stormy altar of Qazlal.
  7668 | D:6      | Found a blossoming altar of Fedhas.
  7843 | D:6      | Reached skill level 5 in Spellcasting
  7843 | D:6      | Reached skill level 5 in Alchemy
  7940 | D:6      | Found a hazy altar of Hepliaklqana.
  8255 | D:6      | Bought a ring of wizardry for 300 gold pieces
  8888 | D:7      | Reached ** piety under Vehumet
  8891 | D:7      | Offered knowledge of Sandblast by Vehumet.
  9127 | D:7      | Reached skill level 6 in Spellcasting
  9165 | D:7      | Reached skill level 1 in Air Magic
  9545 | D:8      | Reached XP level 10. HP: 64/73 MP: 10/19
  9647 | D:9      | Identified the +4 whip "Tormentor" {freeze, rCorr MP+9}
  9694 | D:8      | Reached skill level 5 in Fighting
  9694 | D:8      | Reached skill level 1 in Armour
 10618 | D:8      | Offered knowledge of Inner Flame by Vehumet.
 10915 | D:9      | Found a hide-covered altar of Uskayaw.
 10958 | D:8      | Reached *** piety under Vehumet
 11278 | D:9      | Killed a two-headed ogre
 11734 | D:10     | Found a staircase to the Lair.
 11785 | D:10     | Killed Urug
 11786 | D:10     | Reached skill level 7 in Spellcasting
 11883 | D:10     | Reached XP level 11. HP: 81/81 MP: 21/21
 11986 | D:10     | Offered knowledge of Olgreb's Toxic Radiance by Vehumet.
 12072 | D:10     | Reached skill level 5 in Conjurations
 12199 | D:11     | Killed a cyclops
 12200 | D:11     | Reached skill level 1 in Shields
 12379 | D:11     | Noticed a two-headed ogre
 12383 | D:11     | Killed a two-headed ogre
 12384 | D:11     | Reached skill level 8 in Spellcasting
 12384 | D:11     | Reached skill level 5 in Ice Magic
 12541 | D:10     | Reached **** piety under Vehumet
 12562 | D:10     | Offered knowledge of Stone Arrow by Vehumet.
 12572 | D:10     | Killed a two-headed ogre
 12573 | D:10     | Reached XP level 12. HP: 66/89 MP: 9/24
 12810 | Lair:1   | Entered Level 1 of the Lair of Beasts
 12857 | Lair:1   | Reached skill level 5 in Armour
 13104 | Lair:1   | Noticed Harold
 13427 | Lair:1   | Learned a level 4 spell: Passage of Golubria
 13431 | Lair:1   | Learned a level 3 spell: Stone Arrow
 13484 | Lair:1   | Noticed a boulder beetle
 13495 | Lair:1   | Killed a boulder beetle
 13605 | Lair:1   | Reached skill level 9 in Spellcasting
 13610 | Lair:1   | Killed Harold
 13611 | Lair:1   | Reached skill level 1 in Translocations
 13767 | Lair:1   | Learned a level 3 spell: Ozocubu's Armour
 13791 | Lair:1   | Acquired a +2 pair of gloves of strength
 13947 | Lair:2   | Reached skill level 5 in Dodging
 14008 | Lair:2   | Reached ***** piety under Vehumet
 14165 | Lair:2   | Offered knowledge of Arcjolt by Vehumet.
 14264 | Lair:2   | Found a staircase to the Snake Pit.
 14276 | Lair:2   | Reached XP level 13. HP: 89/98 MP: 16/26
 14389 | Lair:2   | Noticed an eight-headed hydra
 14397 | Lair:2   | Killed an eight-headed hydra
 14706 | Lair:2   | Reached skill level 5 in Shields
 15158 | Lair:3   | Identified the scarf of Indomitability {harm, rElec}
 16038 | Lair:4   | Reached skill level 10 in Spellcasting
 16579 | Lair:4   | Noticed a dire elephant
 16989 | Lair:5   | Entered Level 5 of the Lair of Beasts
 17197 | Lair:4   | Reached skill level 5 in Translocations
 17228 | Lair:4   | Killed a dire elephant
 17598 | Lair:4   | Reached XP level 14. HP: 93/106 MP: 16/28
 18363 | Lair:5   | Reached skill level 11 in Spellcasting
 18371 | Lair:5   | Offered knowledge of Bombard by Vehumet.
 18540 | D:6      | Bought a book of the Spheres for 960 gold pieces
 18548 | D:6      | Learned a level 7 spell: Orb of Destruction
 18798 | Lair:5   | Found a runed translucent door.
 18800 | Lair:5   | Noticed an azure jelly
 18802 | Lair:5   | Noticed an azure jelly
 18803 | Lair:5   | Found a staircase to the Slime Pits.
 19018 | Lair:5   | Slain by a death yak

Illustrated notes

Levels and vault maps discovered:
D:1:      roderic_crop_circles_arrival_small, layout_basic,
          shapermc_ecumenical_altar_rom_forum, st_stairs_1, minmay_pentomino_o2
D:2:      layout_rooms, serial_shops, shop
D:3:      layout_basic, grunt_temple_overflow_order_and_chaos_2,
          lemuel_round_altar, mainiacjoe_overflow_concentric_impassable,
          grunt_decor_resistance, chequers_avenue
D:4:      layout_loops_corners, mainiacjoe_overflow_paths,
          cheibrodos_ashenzari_chains, wad_orctagon
D:5:      layout_cave_pods, marbit_many_paths, minmay_crystal_water,
          nicolae_eternal_life, serial_park_tiny_2
D:6:      layout_loops_ring, grunt_temple_overflow_forces_of_nature,
          nzn_hepliaklqana_mist_gate, mainiacjoe_overflow_catch_the_wave,
          elyvilon_altar_1, minmay_temple_entry_drinking_statues, serial_shops,
          shop, shop, nicolae_shop_tiny_glass, nicolae_shop_advertising_works
          [nicolae_subvault_shop_adworks], shop
D:7:      layout_rooms, serial_aquarium, aquarium_bridge_straight
          [aquarium_subvault_bridge, aquarium_subvault_window,
          aquarium_subvault_bridge, aquarium_subvault_window],
          aquarium_bridge_square [aquarium_subvault_window,
          aquarium_subvault_bridge, aquarium_subvault_window,
          aquarium_subvault_window], aquarium_window_1,
          aquarium_window_corridor_1, aquarium_view_2e
D:8:      layout_loops_corners, billiards_dpeg
D:9:      layout_rooms, mainiacjoe_overflow_six_doors_small,
          kiku_gazebo_pond_becter, nicolae_diode_quadrants
D:10:     layout_roguey [special_room_bee], lair_entry_dummy, uniq_urug
D:11:     layout_rooms
D:12:     layout_roguey, orc_0_dummy, nicolae_demonic_statue_gallery
Lair:1:   layout_hall_layers, lemuel_fruit_fields, grunt_megastairs_4,
          uniq_harold
Lair:2:   layout_gridlike, guppyfry_snake_entry_garden,
          cheibrodos_lair_caveside_slide, minivault_11, wad_woods_road_01,
          dreamdust_gnoll_shepherd
Lair:3:   layout_loops_ring, nicolae_shoals_entry_flooding, lemuel_fruit_tree,
          lemuel_fruit_fields, serial_bayou_shore_a
Lair:4:   mu_elephants_graveyard, layout_regular_city
Lair:5:   evil_forest, layout_cave_shapes, slime_entry_2, serial_bayou_pond_a,
          lemuel_fruit_fields

Skill      XL: |  1  2  3  4  5  6  7  8  9 10 11 12 13 14 |
---------------+-------------------------------------------+-----
Spellcasting   | 2 3 4 6 7 8 9 10 11 | 11.3
Ranged Weapons | 1 2 3 |  3.8
Dodging        | 2 3 4 5 6 |  6.0
Conjurations   | 1 2 3 4 5 7 8 9 |  9.3
Evocations     | 1 2 |  2.0
Fire Magic     | 1 2 4 |  4.0
Fighting       | 4 6 7 8 9 |  9.2
Axes           | 1 2 |  2.3
Ice Magic      | 1 4 5 |  5.0
Alchemy        | 3 8 |  8.0
Air Magic      | 1 2 3 4 |  4.0
Armour         | 3 4 5 6 |  6.0
Shields        | 2 4 6 7 |  7.5
Stealth        | 7 8 |  8.0
Translocations | 2 5 6 |  6.5
Maces & Flails | |  2.5

Action                     |  1- 3 |  4- 6 |  7- 9 | 10-12 | 13-15 || total
---------------------------+-------+-------+-------+-------+-------++-------
  Melee: Mace              |    26 |    12 |       |       |       ||    38
         Flail             |       |   108 |    68 |       |       ||   176
         Punch             |       |     5 |     4 |       |       ||     9
         Dagger            |       |     1 |     2 |       |       ||     3
         War axe           |       |       |    76 |    58 |    58 ||   192
   Fire: Sling             |    18 |    90 |       |       |       ||   108
         Shortbow          |       |    73 |   137 |   185 |   127 ||   522
  Throw: Dart              |     2 |     1 |       |     1 |       ||     4
   Cast: Sticky Flame      |       |       |    14 |    36 |    32 ||    82
         Flame Wave        |       |       |     4 |     2 |       ||     6
         Freezing Cloud    |       |       |       |    66 |    84 ||   150
         Ozocubu's Armour  |       |       |       |     1 |     5 ||     6
         Passage of Golubr |       |       |       |       |     1 ||     1
Ability: Shaft Self        |     1 |       |     2 |       |       ||     3
         Dig               |       |       |     5 |       |     3 ||     8
  Evoke: Wand              |     2 |     3 |    10 |       |       ||    15
    Use: Scroll            |     2 |       |    15 |     6 |     3 ||    26
         Potion            |       |     2 |     4 |       |     1 ||     7
   Stab: Sleeping          |       |     5 |     2 |       |       ||     7
 Armour: Leather armour    |    17 |   112 |   146 |       |       ||   275
         Steam dragon scal |       |       |    32 |    90 |   120 ||   242
  Dodge: Dodged            |    27 |   131 |   120 |    94 |    88 ||   460
  Block: Other             |     9 |    33 |       |       |       ||    42
         Reflection        |       |     1 |       |       |       ||     1
         Buckler           |       |       |       |    14 |    44 ||    58

Table legend: (Time is in decaauts)
 A = Elapsed time spent in this place.
 B = Non-inter-level travel time spent in this place.
 C = Inter-level travel time spent in this place.
 D = Time resting spent in this place.
 E = Time spent auto-exploring this place.
 F = Levels seen in this place.
 G = Mean time per level.
                   A        B        C        D        E       F      G
               +--------+--------+--------+--------+--------+-----+--------+
         Total |  19259 |  18136 |   1123 |   5135 |   7903 |  17 | 1132.9 |
       Dungeon |  13145 |  12431 |    714 |   3029 |   5574 |  12 | 1095.4 |
          Lair |   6114 |   5706 |    408 |   2106 |   2329 |   5 | 1222.8 |
               +--------+--------+--------+--------+--------+-----+--------+

Top non-repeatable levels by time:
     D:8: 2185 daAuts
  Lair:4: 1962 daAuts
     D:7: 1506 daAuts
    D:10: 1403 daAuts
     D:5: 1380 daAuts
  Lair:3: 1322 daAuts
     D:6: 1318 daAuts
  Lair:2: 1313 daAuts
     D:4: 1289 daAuts
     D:3: 1153 daAuts
  Lair:1: 1076 daAuts
     D:2: 905 daAuts
     D:1: 902 daAuts
     D:9: 819 daAuts
  Lair:5: 440 daAuts
